 Dungeon Crawl Stone Soup version 0.17.0-28-g6e173f8 (webtiles) character file.

123 gorblad the Sneak (level 4, -2/25 HPs)
             Began as a Spriggan Assassin on Dec 2, 2015.
             Slain by Pikel
             ... wielding a +2 whip of flaming
              (11 damage)
             ... on level 4 of the Dungeon.
             The game lasted 00:07:59 (3082 turns).

gorblad the Sneak (Spriggan Assassin)               Turns: 3082, Time: 00:07:59

Health: -2/25      AC:  8    Str:  7    XL:     4   Next: 80%
Magic:  5/5        EV: 17    Int: 12    God:
Gold:   94         SH:  0    Dex: 18    Spells: 0 memorised, 3 levels left

rFire  . . .     SeeInvis +     a - +2 dagger
rCold  . . .     Clarity  .     c - +1 robe
rNeg   . . .     SustAt   .     (shield restricted)
rPois  .         Gourm    .     i - +2 hat
rElec  .         Spirit   .     d - +2 cloak
rCorr  .         Warding  .     (gloves unavailable)
rMut   .         Stasis   .     (boots unavailable)
MR     .....                    (no amulet)
Stlth  +++++.....               (no ring)
                                r - ring of stealth

@: very quick, not resistant to hostile enchantments, quite stealthy
A: unfitting armour, see invisible, herbivore 3, speed 3, slow metabolism 2
a: no special abilities


You were on level 4 of the Dungeon.
You were not hungry.

You visited 1 branch of the dungeon, and saw 4 of its levels.

You collected 94 gold pieces.

Inventory:

Hand Weapons
 a - a +2 dagger (weapon)
 b - a +0 blowgun
Missiles
 e - 8 poisoned needles
 f - 2 curare-tipped needles
Armour
 c - a +1 robe (worn)
 d - a +2 cloak (worn)
 i - a +2 hat (worn)
Jewellery
 r - a ring of stealth (left hand)
Scrolls
 j - a scroll of remove curse
 l - 2 scrolls of identify
Potions
 h - 2 potions of curing
 k - a potion of magic {unknown}
 q - 2 potions of heal wounds {unknown}
 t - 2 potions of lignification {unknown}
 u - a potion of mutation {unknown}
Comestibles
 g - 3 bread rations


   Skills:
 - Level 4.1 Fighting
 + Level 2.2 Short Blades
 - Level 2.0 Throwing
 - Level 1.5 Dodging
 - Level 5.8 Stealth


You had 3 spell levels left.
You didn't know any spells.

Dungeon Overview and Level Annotations

Branches:
Dungeon (4/15)
 Temple: D:4-7

Altars:

Annotations:
D:4 Pikel


Innate Abilities, Weirdness & Mutations

You are tiny and cannot use many weapons and most armour.
You have supernaturally acute eyesight.
You are a herbivore.
You cover ground extremely quickly.
You need consume almost no food.


Message History

Pikel is moderately wounded.
Pikel misses you.
You closely miss Pikel.
Pikel is moderately wounded.
Pikel completely misses you.
You barely miss Pikel.
Pikel is moderately wounded.
Pikel hits you with a whip of flaming. Pikel burns you.
You hit Pikel.
Pikel is moderately wounded.
Pikel completely misses you.
You hit Pikel.
Pikel is moderately wounded.
Pikel barely misses you.
You hit Pikel.
Pikel is moderately wounded.
You closely miss Pikel.
Pikel is moderately wounded.
Pikel hits you with a whip of flaming!
You die...

.# ....... .# .. .... .#
...# #### ##...># ..# ...#
.#....### ..# ....#
.#......## ..# ....#
.#......##.. #.#.....#
.#......##...p######.#.....+
.#...........ppK@.!).......#
.#......##...p######...#...
....############...........#
.##.##....##......†..#..>..#
.....[....##.........#.....#
#....................# ..#.#
#..............##+#..# #.# .
#..............# #..# ..
...............# ...# #.


You could see Pikel and 4 slaves.

Vanquished Creatures
  A hound (D:4)
  Robin (D:2)
  An adder (D:3)
  An ooze (D:3)
  A giant gecko (D:2)
  An orc (D:4)
  5 ball pythons
  9 bats
  2 giant cockroaches
  12 hobgoblins
  2 jackals (D:2)
  3 quokkas (D:2)
  2 giant newts
  14 goblins
  4 kobolds
  6 rats
  A plant (D:1)
66 creatures vanquished.

Notes
Turn   | Place    | Note
--------------------------------------------------------------
     0 | D:1      | gorblad the Spriggan Assassin began the quest for the Orb.
     0 | D:1      | Reached XP level 1. HP: 10/10 MP: 2/2
   455 | D:1      | Reached XP level 2. HP: 15/15 MP: 3/3
  1391 | D:2      | Reached XP level 3. HP: 19/19 MP: 4/4
  1594 | D:2      | Noticed Robin
  1657 | D:2      | Killed Robin
  1978 | D:2      | Reached XP level 4. HP: 24/24 MP: 5/5
  3061 | D:4      | Noticed a slave
  3062 | D:4      | Noticed Pikel
  3062 | D:4      | Noticed a slave
  3062 | D:4      | Noticed a slave
  3063 | D:4      | Noticed a slave
  3082 | D:4      | Slain by Pikel

Action                   |  1- 3 |  4- 6 || total
-------------------------+-------+-------++-------
Melee: Dagger            |   237 |    75 ||   312
  Use: Scroll            |       |    10 ||    10
       Potion            |       |     1 ||     1
 Stab: Sleeping          |    15 |     6 ||    21
       Distracted        |     1 |       ||     1
